 Dungeon Crawl Stone Soup version 0.30-a0-381-g6ea064c7b4 (webtiles) character file.

Game seed: 3820855273595254699

94 qeuew the Trooper (level 4, -2/35 HPs)
             Began as a Demonspawn Monk on Dec 1, 2022.
             Was a Believer of Makhleb.
             Killed from afar by an orc wizard (5 damage)
             ... with a magic dart
             ... on level 3 of the Dungeon.
             The game lasted 00:03:01 (2388 turns).

qeuew the Trooper (Demonspawn Monk)                 Turns: 2388, Time: 00:03:01

Health: -2/35      AC:  3    Str: 13    XL:     4   Next: 38%
Magic:  5/5        EV: 13    Int: 11    God:    Makhleb [**....]
Gold:   124        SH:  0    Dex: 16    Spells: 3/3 levels left

rFire   . . .      SeeInvis .    a - +1 mace
rCold   . . .      Faith    .    (no shield)
rNeg    . . .      Spirit   .    b - +1 robe
rPois   .          Reflect  .    (no helmet)
rElec   .          Harm     .    (no cloak)
rCorr   .          Rampage  .    (no gloves)
Will    .....                    (no boots)
Stlth   ++........               (no amulet)
HPRegen 0.25/turn                (no ring)
MPRegen 0.09/turn                (no ring)

@: no status effects
A: ignite blood 1
a: Renounce Religion, Minor Destruction


You were on level 3 of the Dungeon.
You worshipped Makhleb.
Makhleb was pleased with you.
You visited 1 branch of the dungeon, and saw 3 of its levels.

You collected 124 gold pieces.

Inventory:

Hand Weapons
 a - a +1 mace (weapon)
Armour
 b - a +1 robe (worn)
Scrolls
 d - 2 scrolls of fear
 e - 3 scrolls of teleportation
 f - a scroll of fog {unknown}
 g - a scroll of enchant weapon
 h - a scroll of enchant armour
 k - a scroll of blinking
Potions
 c - a potion of ambrosia
 i - a potion of curing


   Skills:
 + Level 3.5 Fighting
 + Level 3.3 Maces & Flails
 + Level 1.5 Armour
 + Level 3.2 Dodging
 - Level 1.7 Stealth
 * Level 1.5 Invocations


You had 3 spell levels left.
You didn't know any spells.
Your spell library contained the following spells:

 Spells                   Type           Power      Damage    Failure   Level
 Portal Projectile        Hex/Tloc       0%         N/A       71%         3
 Tukima's Dance           Hex            0%         N/A       71%         3
 Blade Hands              Tmut           0%         N/A       100%        5


Dungeon Overview and Level Annotations

Branches:
Dungeon (3/15)

Altars:
Makhleb


Innate Abilities, Weirdness & Mutations

Your demonic aura sometimes causes spilled blood to erupt in flames.


Message History

You feel less confused. Something hits you. The orc closely misses you.
The orc hits you but does no damage.
Aiming: Minor Destruction (13% risk of failure)
Press: ? - help, Q - select action Shift-Dir - straight line, f/p - orc
Aim: an orc, wielding a +0 trident (heavily wounded, covered in acid)
The stone arrow hits the orc!
You kill the orc!
Makhleb accepts your kill. Something hits you. Something hits you.
Something hits you.
You hear some strange, mumbled words.
A puff of flame appears from out of thin air!
The puff of flame hits you!
* * * LOW HITPOINT WARNING * * *
Items here: ))) †.
Things that are here:
a +0 hand axe; 3 boomerangs; an orc corpse You can't see any hostile targets in range.
You can't see any hostile targets in range.
Aiming: Minor Destruction (13% risk of failure)
Press: ? - help, Shift-Dir - straight line The puff of flame hits something.
Aiming: Minor Destruction (13% risk of failure)
Press: ? - help, Shift-Dir - straight line Something hits you.
* * * LOW HITPOINT WARNING * * *
Aiming: Minor Destruction (13% risk of failure)
Press: ? - help, Shift-Dir - straight line Nothing appears to happen.
You hear some strange, mumbled words.
Something tries to affect you, but you resist.
Aiming: Minor Destruction (13% risk of failure)
Press: ? - help, Shift-Dir - straight line Something writhes in agony.
You hear some strange, mumbled words.
A magic dart appears from out of thin air!
The magic dart hits you.
You die...

#.........#
###.........#
.####...........#
......#.........#
................#
#..........##
#.#.#.....##
#.#{####### #..@#
#....)# #....<#
#..#..# #..##.#
... #.# #.#. #.#
.. #.#


There were no monsters in sight!

Vanquished Creatures
  5 adders (D:2)
  A worm (D:2)
  4 orcs (D:3)
  4 ball pythons
  4 endoplasms
  4 giant cockroaches
  5 goblins
  6 hobgoblins
  A bat (D:1)
  2 kobolds
  5 rats
41 creatures vanquished.

Notes
Turn   | Place    | Note
-------+----------+-------------------------------------------
     0 | D:1      | qeuew the Demonspawn Monk began the quest for the Orb.
     0 | D:1      | Reached XP level 1. HP: 18/18 MP: 1/1
   391 | D:1      | Gained mutation: Your demonic aura sometimes causes spilled
                  | blood to erupt in flames. [demonic ancestry]
   391 | D:1      | Reached XP level 2. HP: 24/24 MP: 2/2
  1254 | D:2      | Reached skill level 1 in Armour
  1254 | D:2      | Reached XP level 3. HP: 27/29 MP: 3/3
  1589 | D:2      | Found a burning altar of Makhleb.
  1615 | D:2      | Became a worshipper of Makhleb the Destroyer
  1615 | D:2      | Reached * piety under Makhleb
  1615 | D:2      | Reached ** piety under Makhleb
  1895 | D:2      | Reached skill level 1 in Invocations
  1895 | D:2      | Reached XP level 4. HP: 29/35 MP: 4/4
  2388 | D:3      | Killed from afar by an orc wizard

Illustrated notes

Levels and vault maps discovered:
D:1:      matt_arrival_los_fun, layout_loops_corners, roderic_serpentine_path
D:2:      layout_loops_corners, basic_altar
D:3:      layout_rooms, nicolae_tso_swordbearing_angel,
          mainiacjoe_overflow_big_doors

Skill      XL: |  1  2  3 |
---------------+----------+-----
Maces & Flails | 3 |  3.3
Armour         | 1 |  1.5
Dodging        | 3 |  3.2
Invocations    | 1 |  1.5
Fighting       | |  3.5
Stealth        | |  1.7

Action                   |  1- 3 |  4- 6 || total
-------------------------+-------+-------++-------
Melee: Mace              |   117 |     3 ||   120
       Punch             |     1 |       ||     1
Invok: Minor Destruction |    13 |    14 ||    27
  Use: Scroll            |     5 |     3 ||     8
       Potion            |     2 |       ||     2
 Stab: Sleeping          |    11 |       ||    11
Armor: Robe              |    26 |     3 ||    29
Dodge: Dodged            |    84 |     8 ||    92

Table legend: (Time is in decaauts)
 A = Elapsed time spent in this place.
 B = Non-inter-level travel time spent in this place.
 C = Inter-level travel time spent in this place.
 D = Time resting spent in this place.
 E = Time spent auto-exploring this place.
 F = Levels seen in this place.
 G = Mean time per level.
                   A        B        C        D        E       F      G
               +--------+--------+--------+--------+--------+-----+--------+
         Total |   2418 |   2347 |     71 |     19 |   1935 |   3 |  806.0 |
       Dungeon |   2418 |   2347 |     71 |     19 |   1935 |   3 |  806.0 |
               +--------+--------+--------+--------+--------+-----+--------+

Top non-repeatable levels by time:
     D:1: 1261 daAuts
     D:2: 1115 daAuts
     D:3: 41 daAuts
